 Dungeon Crawl Stone Soup version 0.20-a0-315-g8346a86 (webtiles) character file.

10546 RogueShenanigans the Cleaver (level 11, -9/101 HPs)
             Began as a Minotaur Fighter on Dec 20, 2016.
             Was an Elder of Uskayaw.
             Mangled by a meliai
             ... wielding a +0 war axe
              (13 damage)
             ... on level 11 of the Dungeon.
             The game lasted 00:19:50 (10286 turns).

RogueShenanigans the Cleaver (Minotaur Fighter)    Turns: 10286, Time: 00:19:50

Health: -9/101     AC: 11    Str: 21    XL:     11   Next: 37%
Magic:  15/15      EV: 10    Int:  5    God:    Uskayaw [****..]
Gold:   619        SH:  0    Dex: 15    Spells: 10/10 levels left

rFire  . . .     SeeInvis .     J - +0 war axe (elec)
rCold  . . .     Gourm    +     b - +0 scale mail
rNeg   + . .     Faith    .     (no shield)
rPois  .         Spirit   .     (helmet restricted)
rElec  .         Reflect  .     s - +0 cloak
rCorr  .         Harm     .     F - +0 pair of gloves
MR     .....                    (no boots)
Stlth  ..........               M - amulet of the gourmand
                                O - ring "Tecesy" {Wiz +Fly Str-2 Dex+4}
                                Q - ring of positive energy

@: lethally poisoned (-9 -> -9)
A: retaliatory headbutt, horns 2
a: Stomp, Line Pass, Renounce Religion, Evoke Flight


You were on level 11 of the Dungeon.
You worshipped Uskayaw.
Uskayaw was noncommittal.
You were not hungry.

You visited 1 branch of the dungeon, and saw 11 of its levels.

You collected 619 gold pieces.

Inventory:

Hand Weapons
 J - a +0 war axe of electrocution (weapon)
Armour
 b - a +0 scale mail (worn)
 s - a +0 cloak (worn)
 F - a +0 pair of gloves (worn)
Jewellery
 v - an uncursed ring of stealth
 M - an amulet of the gourmand (around neck)
 O - the ring "Tecesy" (right hand) {Wiz +Fly Str-2 Dex+4}
   (You found it on level 8 of the Dungeon)

   [ring of wizardry]

   It improves your spell success rate.
   It affects your strength (-2).
   It affects your dexterity (+4).
   It lets you fly.
 Q - a ring of positive energy (left hand)
 Y - an uncursed ring of see invisible {unknown}
Wands
 H - a wand of paralysis (14/24)
 P - a wand of digging (13/24)
Scrolls
 e - 5 scrolls of teleportation
 k - a scroll of enchant armour {unknown}
 r - 3 scrolls of immolation {unknown}
 w - 2 scrolls of random uselessness {unknown}
 y - 3 scrolls of blinking {unknown}
 A - 2 scrolls of fear {unknown}
 C - 3 scrolls of enchant weapon {unknown}
 D - a scroll of recharging {unknown}
 E - 2 scrolls of amnesia {unknown}
 I - a scroll of noise {unknown}
 R - a scroll of identify
 U - a scroll of remove curse
 W - 3 scrolls of magic mapping {unknown}
Potions
 a - a potion of cure mutation {unknown}
 d - 3 potions of might
 h - 8 potions of haste
 j - 2 potions of magic
 l - 4 potions of curing
 m - a potion of lignification
 n - a potion of berserk rage
 p - a potion of heal wounds
 q - a potion of invisibility {unknown}
 u - 3 potions of degeneration
 x - a potion of brilliance
 z - a potion of beneficial mutation {unknown}
 B - a potion of ambrosia {unknown}
 N - 2 potions of agility {unknown}
Books
 o - a book of Minor Magic

   Spells                             Type                      Level
   a - Magic Dart                     Conjuration                  1
   b - Blink                          Translocation                2
   c - Call Imp                       Summoning                    2
   d - Repel Missiles                 Charms/Air                   2
   e - Slow                           Hexes                        2
   f - Conjure Flame                  Conjuration/Fire             3
   g - Mephitic Cloud                 Conjuration/Poison/Air       3
 G - a book of Callings

   Spells                             Type                      Level
   a - Summon Small Mammal            Summoning                    1
   b - Call Imp                       Summoning                    2
   c - Call Canine Familiar           Summoning                    3
   d - Summon Guardian Golem          Hexes/Summoning              3
   e - Summon Lightning Spire         Summoning/Air                4
   f - Summon Ice Beast               Ice/Summoning                4
Comestibles
 c - 3 fruits
 f - 7 bread rations
 i - 4 meat rations
 t - 4 beef jerkies
 Z - 11 royal jellies


   Skills:
 + Level 10.3 Fighting
 * Level 13.7 Axes
 + Level 10.4 Armour
   Level 3.6 Shields
 + Level 7.3 Invocations


You had 10 spell levels left.
You didn't know any spells.

Dungeon Overview and Level Annotations

Branches:
Dungeon (11/15)            Temple (0/1) D:6            Lair (0/6) D:10
    Orc: D:9-12

Altars:
Cheibriados
Dithmenos
Elyvilon
Hepliaklqana
Makhleb
Nemelex Xobeh
Okawaru
Qazlal
Ru
Sif Muna
Uskayaw
Xom
Yredelemnul
Zin
The Shining One

Shops:
D:5 [   D:8 =


Innate Abilities, Weirdness & Mutations

You reflexively headbutt those who attack you in melee.
You have a pair of horns on your head.


Message History

You hit the troll but do no damage.
There is a sudden explosion of sparks!
You kill the killer bee!
You kill the troll!
The meliai barely misses you. The meliai stings you.
* * * LOW HITPOINT WARNING * * *
You hit the meliai but do no damage.
The meliai is severely wounded.
The meliai hits you with a war axe!
* * * LOW HITPOINT WARNING * * *
The meliai stings you!
* * * LOW HITPOINT WARNING * * *
You miss the meliai.
The meliai is severely wounded.
You feel sick. The meliai closely misses you. You furiously retaliate!
You headbutt the meliai. The meliai barely misses you.
You closely miss the meliai.
The meliai is severely wounded.
The meliai hits you but does no damage.
The meliai stings you but does no damage.
The meliai hits you with a war axe!
You die...

#.... ##....# #.P..
#######...≈.#
#....##.....##....#
#.......###.)#....#
##.#.....#).#.##
##.#:#####)#[###
#.#[## ##.#.# #...#
#†..# #.#@# #†#.#
#.#y# #.#.# # #l#
#.#.# ..# #...# #/#
#%#.# .#$ $#. . # #
# .


You could see a wyvern and a meliai.

Vanquished Creatures
  2 two-headed ogres
  The ghost of kal9871 the Digger, a novice HuEE (D:5)
  3 trolls
  Grinder (D:3)
  5 hippogriffs
  Sigmund (D:6)
  4 yaks (D:9)
  A wraith (D:10)
  Eustachio (D:4)
  A steam dragon (D:8)
  4 hungry ghosts
  2 soldier ants (D:10)
  3 orc warriors
  2 sky beasts
  A necrophage (D:10)
  6 ogres
  6 centaurs
  An elf zombie (D:10)
  2 big kobolds (D:7)
  5 bullfrogs
  2 crocodiles
  A troll zombie (D:10)
  4 scorpions
  18 killer bees
  9 wights
  2 howler monkeys
  2 electric eels (D:7)
  6 crimson imps
  The ghost of kal9871 the Digger, a weakling OpEE (D:3)
  A centaur zombie (D:9)
  8 hounds
  4 bullfrog zombies
  An orc priest (D:6)
  4 human zombies (D:10)
  2 centaur skeletons
  A human skeleton (D:10)
  An iguana (D:6)
  Terence (D:3)
  2 orc wizards
  10 worker ants
  2 mummies (D:10)
  4 gnolls (D:5)
  16 adders
  2 shadow imps
  2 oozes
  An adder zombie (D:7)
  7 worms
  3 leopard geckos
  18 orcs
  2 bats
  5 giant cockroaches
  17 goblins
  7 hobgoblins
  14 jackals
  16 kobolds
  5 quokkas
  3 ball pythons
  A ball python zombie (D:6)
  2 frilled lizards
  A jackal zombie (D:8)
  A quokka zombie (D:7)
  5 rats
  A plant (D:7)
267 creatures vanquished.

Notes
Turn   | Place    | Note
-------+----------+-------------------------------------------
     0 | D:1      | RogueShenanigans the Minotaur Fighter began the quest for the Orb.
     0 | D:1      | Reached XP level 1. HP: 19/19 MP: 0/0
   271 | D:1      | Reached XP level 2. HP: 27/27 MP: 1/1
   336 | D:1      | Reached skill level 3 in Axes
   707 | D:2      | Reached XP level 3. HP: 26/33 MP: 2/2
   712 | D:2      | Found a faded altar of an unknown god.
  1084 | D:2      | Found a hazy altar of Hepliaklqana.
  1203 | D:2      | Reached skill level 4 in Axes
  1204 | D:2      | Reached XP level 4. HP: 40/40 MP: 3/3
  2072 | D:3      | Reached XP level 5. HP: 43/47 MP: 4/4
  2110 | D:3      | Noticed kal9871's ghost (weakling OpEE)
  2124 | D:3      | Killed kal9871's ghost
  2124 | D:3      | Reached skill level 5 in Axes
  2171 | D:3      | Noticed Grinder
  2186 | D:3      | Paralysed by Grinder for 4 turns
  2193 | D:3      | Killed Grinder
  2193 | D:3      | Reached skill level 5 in Fighting
  2193 | D:3      | Reached skill level 6 in Axes
  2193 | D:3      | Reached skill level 5 in Armour
  2193 | D:3      | Reached XP level 6. HP: 7/56 MP: 5/5
  2895 | D:3      | Noticed Terence
  2903 | D:3      | Killed Terence
  3135 | D:4      | Noticed Eustachio
  3150 | D:4      | Killed Eustachio
  3150 | D:4      | Reached XP level 7. HP: 62/62 MP: 6/6
  3244 | D:4      | Reached skill level 7 in Axes
  3426 | D:4      | Noticed an enchanted dagger
  3427 | D:4      | Noticed a dagger
  3436 | D:4      | Found a hide-covered altar of Uskayaw.
  3505 | D:4      | Became a worshipper of Uskayaw the Reveler
  3671 | D:4      | Reached * piety under Uskayaw
  3786 | D:4      | Reached ** piety under Uskayaw
  3788 | D:4      | Reached *** piety under Uskayaw
  3793 | D:4      | Reached **** piety under Uskayaw
  3798 | D:4      | Reached ***** piety under Uskayaw
  3894 | D:4      | Found a sacrificial altar of Ru.
  4011 | D:4      | Found a deep blue altar of Sif Muna.
  4015 | D:4      | Found a white marble altar of Elyvilon.
  4016 | D:4      | Found a sparkling altar of Nemelex Xobeh.
  4017 | D:4      | Found a shimmering altar of Xom.
  4020 | D:4      | Found a stormy altar of Qazlal.
  4022 | D:4      | Found a glowing golden altar of the Shining One.
  4063 | D:5      | Entered Level 5 of the Dungeon
  4292 | D:5      | Reached skill level 8 in Axes
  4292 | D:5      | Reached skill level 1 in Invocations
  4390 | D:5      | Reached XP level 8. HP: 60/71 MP: 7/7
  4565 | D:5      | Noticed kal9871's ghost (novice HuEE)
  4578 | D:5      | Killed kal9871's ghost
  4578 | D:5      | Reached skill level 9 in Axes
  4911 | D:5      | Found Relitwih's Armour Boutique.
  5155 | D:6      | Noticed Sigmund
  5189 | D:6      | Killed Sigmund
  5189 | D:6      | Reached XP level 9. HP: 42/79 MP: 6/10
  5395 | D:6      | Found a snail-covered altar of Cheibriados.
  5398 | D:6      | Found a staircase to the Ecumenical Temple.
  5429 | D:6      | Reached skill level 10 in Axes
  6184 | D:7      | Found an iron altar of Okawaru.
  6356 | D:7      | Reached skill level 11 in Axes
  6685 | D:7      | Found a burning altar of Makhleb.
  6704 | D:7      | Found a glowing silver altar of Zin.
  6704 | D:7      | Noticed an angel
  6704 | D:7      | Noticed a green death
  7384 | D:8      | Found Zivabrut's Jewellery Boutique.
  7464 | D:8      | Got a warped granite ring
  7500 | D:8      | Identified the ring "Tecesy" {Wiz +Fly Str-2 Dex+4} (You found it on level 8 of the Dungeon)
  7586 | D:8      | Reached skill level 5 in Invocations
  7803 | D:8      | Noticed a two-headed ogre
  7942 | D:8      | Found a shadowy altar of Dithmenos.
  8072 | D:8      | Killed a two-headed ogre
  8072 | D:8      | Reached XP level 10. HP: 79/91 MP: 11/13
  8271 | D:9      | Reached skill level 12 in Axes
  8531 | D:9      | Noticed a two-headed ogre
  8544 | D:9      | Killed a two-headed ogre
  9205 | D:10     | Entered Level 10 of the Dungeon
  9238 | D:10     | Reached skill level 13 in Axes
  9300 | D:10     | Reached skill level 10 in Armour
  9373 | D:10     | Reached XP level 11. HP: 93/99 MP: 14/14
  9548 | D:10     | Found a staircase to the Lair.
  9560 | D:10     | Reached skill level 10 in Fighting
  9676 | D:10     | Found a hazy altar of Hepliaklqana.
  9848 | D:10     | Found a basalt altar of Yredelemnul.
  9856 | D:10     | Reached ****** piety under Uskayaw
  9914 | D:11     | Noticed a white ugly thing
 10284 | D:11     | HP: 5/101 [meliai/war axe (7)]
 10286 | D:11     | Mangled by a meliai

Vault maps used:
D:1:      minmay_arrival_wavy_path
D:2:      cheibrodos_greedy_goblins, overflow_temple_1_default,
          chequers_ecumenical_altar_simple_redux
D:3:      kennysheep_generic_room_14, uniq_grinder, uniq_terence
D:4:      dancing_weapons_uskayaw, minitemple, lemuel_coloured_pillars_altar,
          first_bread, uniq_eustachio
D:5:      serial_shops, shop
D:6:      cheibriados_altar_1, uniq_sigmund
D:7:      grunt_temple_overflow_order_and_chaos_2, marbit_many_paths,
          serial_bayou_lagoon_b
D:8:      grunt_dithmenos_smoke, serial_shops, shop_fountains
D:10:     lair_entry_dummy, basic_altar, hangedman_pestilent_swarm,
          lemuel_mausoleum_altar_yredelemnul
D:11:     regret_index_tunnel_blossom, orc_0_dummy, st_stairs_5,
          nrook_pool_corridor

Skill      XL: |  1  2  3  4  5  6  7  8  9 10 11 |
---------------+----------------------------------+-----
Axes           | 3 4 6 8 9 11 13 | 13.7
Armour         | 4 5 6 7 8 10 | 10.4
Fighting       | 4 5 6 7 9 10 | 10.3
Invocations    | 1 3 5 6 7 |  7.3
Shields        | |  3.6

Action                   |  1- 3 |  4- 6 |  7- 9 | 10-12 || total
-------------------------+-------+-------+-------+-------++-------
Melee: War axe           |    80 |   151 |   285 |   229 ||   745
       Headbutt          |     4 |    18 |    53 |    59 ||   134
Invok: Line Pass         |       |       |     2 |       ||     2
  Use: Scroll            |       |     3 |     8 |     2 ||    13
 Stab: Paralysed         |       |       |    17 |    13 ||    30
  Eat: Chunk             |       |     7 |    14 |    16 ||    37
       Meat ration       |       |       |     1 |       ||     1
Armor: Scale mail        |    29 |    60 |   132 |   108 ||   329
Dodge: Dodged            |    21 |    26 |    67 |    83 ||   197
Block: Shield            |    26 |    71 |   114 |    12 ||   223
